[Event "Kupreichik Memorial Rapid 2019"]
[Site "Minsk"]
[Date "2019.08.16"]
[Round "6.27"]
[White "Strizhnev, Ivan"]
[Black "Rataika, Mikalai"]
[Result "1-0"]
[ECO "B40"]
[WhiteElo "1394"]
[BlackElo "1920"]
[Annotator "NA"]
[PlyCount "55"]
[EventDate "2019.08.15"]
[EventType "swiss"]
[EventCountry "BLR"]
[SourceTitle "playchess.com"]
[Source "ChessBase"]
[SourceQuality "1"]
[TimeControl "900+10"]

1. e4 c5 2. Nf3 e6 3. d4 cxd4 4. Nxd4 Nf6 5. Nc3 Bb4 6. e5 Nd5 7. Qg4 g6 8. Bd2 Nxc3 9. bxc3 Be7 10. Bd3 Nc6 11. O-O Nxe5 12. Qg3 Nc6 13. Nb5 d6 14. Bh6 a6 15. Nd4 Bf6 16. Rae1 Nxd4 17. cxd4 Bxd4 18. Kh1 Bf6 19. f4 Bh4 20. Qg4 Bxe1 21. Rxe1 Qa5 22. Qg3 Bd7 23. Bg5 f5 24. Bc4 d5 25. Bxd5 Qxd5 26. Qa3 Qxg2+ 27. Kxg2 Bc6+ 28. Kg1 1-0

[Event "Kupreichik Memorial Rapid 2019"]
[Site "Minsk"]
[Date "2019.08.16"]
[Round "6.28"]
[White "Karlov, Egor"]
[Black "Talma, Sergei"]
[Result "0-1"]
[ECO "D08"]
[WhiteElo "1728"]
[BlackElo "1882"]
[Annotator "NA"]
[PlyCount "74"]
[EventDate "2019.08.15"]
[EventType "swiss"]
[EventCountry "BLR"]
[SourceTitle "playchess.com"]
[Source "ChessBase"]
[SourceQuality "1"]
[TimeControl "900+10"]

1. d4 d5 2. c4 e5 3. dxe5 d4 4. Nf3 Nc6 5. e3 Bb4+ 6. Bd2 dxe3 7. fxe3 Bxd2+ 8. Nbxd2 Qe7 9. Qc2 Nxe5 10. Nxe5 Qxe5 11. O-O-O Nf6 12. Kb1 Bf5 13. Bd3 Bxd3 14. Qxd3 Rd8 15. Qb3 O-O 16. Nf3 Qe4+ 17. Ka1 c5 18. a3 h6 19. h3 Rfe8 20. Ka2 Qc6 21. Rxd8 Rxd8 22. Rd1 Re8 23. Qd3 Qe6 24. Re1 b5 25. Nd2 a5 26. Kb1 b4 27. axb4 axb4 28. Nb3 Ne4 29. Re2 Qe5 30. Kc2 Ng3 31. Re1 Nf5 32. e4 Nd4+ 33. Nxd4 cxd4 34. Kb3 f5 35. Kxb4 fxe4 36. Qd2 e3 37. Qe2 Rb8+ 0-1

[Event "Kupreichik Memorial Rapid 2019"]
[Site "Minsk"]
[Date "2019.08.16"]
[Round "6.29"]
[White "Yasiukovich, Sergei"]
[Black "Masjuk, Vladimir"]
[Result "0-1"]
[ECO "A41"]
[WhiteElo "1529"]
[BlackElo "1900"]
[Annotator "NA"]
[PlyCount "80"]
[EventDate "2019.08.15"]
[EventType "swiss"]
[EventCountry "BLR"]
[SourceTitle "playchess.com"]
[Source "ChessBase"]
[SourceQuality "1"]
[TimeControl "900+10"]

1. d4 d6 2. e4 Nc6 3. c3 e5 4. d5 Nce7 5. Bb5+ c6 6. dxc6 bxc6 7. Ba4 Qc7 8. Ne2 Nf6 9. Nd2 Ng6 10. O-O Be7 11. c4 O-O 12. Bc2 Bg4 13. f3 Be6 14. Re1 Qb6+ 15. Kh1 Nh5 16. b3 Bh4 17. g3 Be7 18. Nf1 Rad8 19. Be3 Qb7 20. Nc3 Nf6 21. Nd2 d5 22. cxd5 cxd5 23. exd5 Nxd5 24. Nxd5 Bxd5 25. Qe2 Bb4 26. Rf1 f5 27. Bg5 Rd7 28. Nc4 e4 29. fxe4 fxe4 30. Rxf8+ Bxf8 31. Ne3 Be6 32. Rd1 Rxd1+ 33. Qxd1 h6 34. Bf4 Nxf4 35. gxf4 Qb6 36. Qe2 Qd4 37. f5 Bf7 38. Kg2 Bc5 39. Ng4 Bd5 40. Kh3 h5 0-1

[Event "Kupreichik Memorial Rapid 2019"]
[Site "Minsk"]
[Date "2019.08.16"]
[Round "6.31"]
[White "Sadovnikov, Konstantin"]
[Black "Stsepkina, Yauheniya"]
[Result "1-0"]
[ECO "B23"]
[WhiteElo "1798"]
[BlackElo "1537"]
[Annotator "NA"]
[PlyCount "71"]
[EventDate "2019.08.15"]
[EventType "swiss"]
[EventCountry "BLR"]
[SourceTitle "playchess.com"]
[Source "ChessBase"]
[SourceQuality "1"]
[TimeControl "900+10"]

1. e4 c5 2. Nc3 Nc6 3. f4 g6 4. Nf3 Bg7 5. d3 d6 6. g3 e6 7. Bg2 Nge7 8. O-O O-O 9. Be3 Nd4 10. Qd2 d5 11. Nd1 b6 12. e5 Nxf3+ 13. Bxf3 Bb7 14. c3 Qd7 15. Bf2 Nc6 16. Ne3 Rfd8 17. Ng4 Qe7 18. h3 Rab8 19. Rac1 h5 20. Nh2 Bh6 21. Qe2 Rbc8 22. Rfd1 Qc7 23. Be3 d4 24. Bf2 Ba8 25. Be4 Qd7 26. Qf3 Ne7 27. c4 Bxe4 28. dxe4 Nc6 29. g4 hxg4 30. Nxg4 Bg7 31. Bh4 Re8 32. Qg3 Ne7 33. Nf6+ Bxf6 34. Bxf6 Nf5 35. exf5 exf5 36. Qh4 1-0

[Event "Kupreichik Memorial Rapid 2019"]
[Site "Minsk"]
[Date "2019.08.16"]
[Round "6.32"]
[White "Tkachou, Viktar"]
[Black "Nikolaev, Dmitry"]
[Result "1-0"]
[ECO "A05"]
[WhiteElo "1791"]
[BlackElo "1677"]
[Annotator "NA"]
[PlyCount "83"]
[EventDate "2019.08.15"]
[EventType "swiss"]
[EventCountry "BLR"]
[SourceTitle "playchess.com"]
[Source "ChessBase"]
[SourceQuality "1"]
[TimeControl "900+10"]

1. Nf3 Nf6 2. c4 g6 3. b3 Bg7 4. Bb2 O-O 5. e3 d6 6. d4 Nc6 7. Be2 Bf5 8. O-O Re8 9. a3 Nd7 10. Nbd2 e5 11. d5 Ne7 12. Nh4 g5 13. Nxf5 Nxf5 14. Ne4 Nh6 15. Bh5 Rf8 16. g4 f5 17. gxf5 Rxf5 18. Ng3 Rf8 19. e4 Nf6 20. Bf3 Qd7 21. Bc1 g4 22. Bg2 Kh8 23. Qe2 Rf7 24. Be3 Raf8 25. Bxh6 Bxh6 26. Nf5 Bg7 27. Kh1 Ng8 28. Qxg4 Ne7 29. Bh3 Nxf5 30. exf5 Rxf5 31. Qe4 Rf4 32. Qxf4 Qxh3 33. Qg3 Qf5 34. Rae1 Bh6 35. f3 Bf4 36. Qf2 Rf6 37. Rg1 Rh6 38. Rg2 Qf7 39. Reg1 Rh3 40. Rg8+ Qxg8 41. Rxg8+ Kxg8 42. Qg2+ 1-0

[Event "Kupreichik Memorial Rapid 2019"]
[Site "Minsk"]
[Date "2019.08.16"]
[Round "6.33"]
[White "Zvereva, Margarita"]
[Black "Pogorelov, Aleksey"]
[Result "1-0"]
[ECO "D04"]
[WhiteElo "1678"]
[BlackElo "1548"]
[Annotator "NA"]
[PlyCount "85"]
[EventDate "2019.08.15"]
[EventType "swiss"]
[EventCountry "BLR"]
[SourceTitle "playchess.com"]
[Source "ChessBase"]
[SourceQuality "1"]
[TimeControl "900+10"]

1. d4 d5 2. Nf3 Nf6 3. e3 Bf5 4. Bd3 Bg6 5. O-O Nc6 6. a3 e6 7. c4 dxc4 8. Bxc4 Bd6 9. Nc3 O-O 10. Re1 Ne4 11. Bd3 Nxc3 12. bxc3 Bxd3 13. Qxd3 Ne7 14. e4 c5 15. e5 Bc7 16. Ng5 Ng6 17. h4 h6 18. h5 hxg5 19. hxg6 Qe7 20. dxc5 Rad8 21. Qg3 Qxc5 22. Bxg5 Rd5 23. Qh3 fxg6 24. Qxe6+ Kh7 25. Re3 Qxe3 26. Bxe3 Rxe5 27. Qd7 Bb6 28. Bxb6 axb6 29. Qxb7 Rb5 30. a4 Rb2 31. Rf1 Rf5 32. Qc6 Rc5 33. Qf3 Ra5 34. Qh3+ Rh5 35. Qg4 Rb3 36. Qc4 Rb2 37. g3 Rd2 38. Kg2 Rf5 39. Rh1+ Rh5 40. Rxh5+ gxh5 41. Qb4 g6 42. Qxb6 Ra2 43. a5 1-0

[Event "Kupreichik Memorial Rapid 2019"]
[Site "Minsk"]
[Date "2019.08.16"]
[Round "6.34"]
[White "Shaban, Aliaksandra"]
[Black "Shakhadanau, Henadzi"]
[Result "1/2-1/2"]
[ECO "B19"]
[WhiteElo "1734"]
[BlackElo "1868"]
[Annotator "NA"]
[PlyCount "72"]
[EventDate "2019.08.15"]
[EventType "swiss"]
[EventCountry "BLR"]
[SourceTitle "playchess.com"]
[Source "ChessBase"]
[SourceQuality "1"]
[TimeControl "900+10"]

1. e4 c6 2. d4 d5 3. Nd2 dxe4 4. Nxe4 Bf5 5. Ng3 Bg6 6. h4 h6 7. Nf3 Nd7 8. h5 Bh7 9. Bd3 Bxd3 10. Qxd3 Ngf6 11. c3 Qc7 12. Bd2 e6 13. O-O-O c5 14. Ne4 c4 15. Nxf6+ Nxf6 16. Qe2 Bd6 17. g3 Nd5 18. Kb1 b5 19. Rc1 a5 20. Nh4 O-O 21. Ng2 Rfc8 22. g4 b4 23. Rh3 Rab8 24. Rg1 Rb7 25. Rc1 Qc6 26. Rf3 b3 27. a3 Qa4 28. Rd1 Bxa3 29. bxa3 b2 30. Ne1 Qxa3 31. Nc2 Qb3 32. Rh3 a4 33. Rhh1 a3 34. Nxa3 Qxa3 35. Qe1 Ra8 36. Be3 Qb3 1/2-1/2

[Event "Kupreichik Memorial Rapid 2019"]
[Site "Minsk"]
[Date "2019.08.16"]
[Round "6.35"]
[White "Stanishevskij, Aleksandr"]
[Black "Tarasionak, Arseni"]
[Result "1-0"]
[ECO "B40"]
[WhiteElo "1830"]
[BlackElo "1209"]
[Annotator "NA"]
[PlyCount "45"]
[EventDate "2019.08.15"]
[EventType "swiss"]
[EventCountry "BLR"]
[SourceTitle "playchess.com"]
[Source "ChessBase"]
[SourceQuality "1"]
[TimeControl "900+10"]

1. e4 c5 2. Nf3 e6 3. d3 d5 4. Nbd2 Nc6 5. g3 Nf6 6. Bg2 dxe4 7. dxe4 Be7 8. O-O O-O 9. e5 Nd7 10. Re1 Qc7 11. Qe2 Nb4 12. Nf1 Rd8 13. c3 Nd5 14. h4 Nf8 15. N1h2 h5 16. Bg5 Nh7 17. Bxe7 Nxe7 18. Nf1 Nf5 19. N1d2 Bd7 20. Ne4 Bc6 21. Nfg5 Qxe5 22. Nxh7 Kxh7 23. Ng5+ 1-0

[Event "Kupreichik Memorial Rapid 2019"]
[Site "Minsk"]
[Date "2019.08.16"]
[Round "6.36"]
[White "Melekhov, Artyom"]
[Black "Ostrovskiy, Viktor"]
[Result "0-1"]
[ECO "B95"]
[WhiteElo "1471"]
[BlackElo "1453"]
[Annotator "NA"]
[PlyCount "64"]
[EventDate "2019.08.15"]
[EventType "swiss"]
[EventCountry "BLR"]
[SourceTitle "playchess.com"]
[Source "ChessBase"]
[SourceQuality "1"]
[TimeControl "900+10"]

1. e4 c5 2. Nf3 d6 3. d4 cxd4 4. Nxd4 Nf6 5. Nc3 a6 6. Bg5 e6 7. Qd2 Be7 8. f3 Nc6 9. Be3 Bd7 10. g4 b5 11. h4 Ne5 12. Rg1 Nc4 13. Bxc4 bxc4 14. Nde2 Bc6 15. Nf4 Nd7 16. h5 Ne5 17. Qg2 Bh4+ 18. Bf2 Bg5 19. Nfe2 Qf6 20. Nd4 Qf4 21. Rd1 Rb8 22. Nce2 Qf6 23. b3 cxb3 24. cxb3 Bb5 25. Nxb5 axb5 26. Nd4 O-O 27. Bg3 Be3 28. Rf1 Bxd4 29. Rxd4 Nxf3+ 30. Qxf3 Qxd4 31. h6 Rbc8 32. Qf4 Rc2 0-1

[Event "Kupreichik Memorial Rapid 2019"]
[Site "Minsk"]
[Date "2019.08.16"]
[Round "6.37"]
[White "Makarau, Yauheni"]
[Black "Kashtelyan, Valentin"]
[Result "0-1"]
[ECO "B23"]
[WhiteElo "1459"]
[BlackElo "1488"]
[Annotator "NA"]
[PlyCount "86"]
[EventDate "2019.08.15"]
[EventType "swiss"]
[EventCountry "BLR"]
[SourceTitle "playchess.com"]
[Source "ChessBase"]
[SourceQuality "1"]
[TimeControl "900+10"]

1. e4 c5 2. Nc3 e6 3. g3 Nc6 4. Bg2 Nf6 5. d3 a6 6. a4 Qc7 7. h3 Be7 8. Be3 d6 9. Nge2 O-O 10. f4 Rb8 11. g4 Nd7 12. Ng3 Bh4 13. Nce2 b5 14. axb5 axb5 15. O-O Bxg3 16. Nxg3 b4 17. Ne2 Bb7 18. Qe1 Ra8 19. Qh4 Rxa1 20. Rxa1 Ra8 21. Rc1 Nf8 22. f5 f6 23. Nf4 Nd8 24. Nh5 Qf7 25. Rf1 e5 26. g5 fxg5 27. Bxg5 Nc6 28. Be3 Nd4 29. Bxd4 cxd4 30. Rf3 Ra7 31. Rg3 g6 32. fxg6 Nxg6 33. Qd8+ Qf8 34. Nf6+ Kg7 35. Qxf8+ Kxf8 36. Nxh7+ Kf7 37. Ng5+ Kf6 38. Nf3 Nf4 39. Bf1 Ra2 40. Ne1 Rxb2 41. h4 Rb1 42. Kf2 b3 43. cxb3 Rxb3 0-1

[Event "Kupreichik Memorial Rapid 2019"]
[Site "Minsk"]
[Date "2019.08.16"]
[Round "6.38"]
[White "Ustiugov, Boris"]
[Black "Lashkevich, Andrei"]
[Result "1/2-1/2"]
[ECO "A40"]
[WhiteElo "1567"]
[BlackElo "1447"]
[Annotator "NA"]
[PlyCount "81"]
[EventDate "2019.08.15"]
[EventType "swiss"]
[EventCountry "BLR"]
[SourceTitle "playchess.com"]
[Source "ChessBase"]
[SourceQuality "1"]
[TimeControl "900+10"]

1. d4 c6 2. Nf3 d6 3. g3 Nd7 4. Bg2 h6 5. O-O g5 6. Nc3 Bg7 7. e4 Qa5 8. Ne2 g4 9. Nh4 Nf8 10. Bd2 Qh5 11. Nf4 Qb5 12. Bc3 Bf6 13. a4 Qg5 14. Re1 Ne6 15. Nxe6 Bxe6 16. Qe2 Qh5 17. d5 Bxc3 18. bxc3 Bd7 19. c4 c5 20. a5 Qe5 21. Qd3 h5 22. c3 Nh6 23. f4 gxf3 24. Nxf3 Qg7 25. e5 Kf8 26. e6 fxe6 27. dxe6 Bc6 28. Nh4 Ke8 29. Bxc6+ bxc6 30. Qe4 Rc8 31. Rab1 Qxc3 32. Rbd1 Rg8 33. Rd3 Qxa5 34. Rf1 Ng4 35. Qh7 Rf8 36. Qg6+ Kd8 37. Rxf8+ Kc7 38. Rxc8+ Kxc8 39. Qe8+ Kb7 40. Rb3+ Kc7 41. Qb8# 1/2-1/2

[Event "Kupreichik Memorial Rapid 2019"]
[Site "Minsk"]
[Date "2019.08.16"]
[Round "6.40"]
[White "Lavrishchev, Matvei"]
[Black "Uzlavataya, Anhelina"]
[Result "0-1"]
[ECO "A00"]
[WhiteElo "1175"]
[BlackElo "2051"]
[Annotator "NA"]
[PlyCount "76"]
[EventDate "2019.08.15"]
[EventType "swiss"]
[EventCountry "BLR"]
[SourceTitle "playchess.com"]
[Source "ChessBase"]
[SourceQuality "1"]
[TimeControl "900+10"]

1. g3 f5 2. Bg2 Nf6 3. Nc3 g6 4. b3 Bg7 5. Bb2 e5 6. e3 O-O 7. Nge2 d5 8. O-O Be6 9. d4 e4 10. Qd2 Nbd7 11. Nf4 Bf7 12. Rac1 c6 13. Nd1 g5 14. Ne2 Nh5 15. c4 Be6 16. c5 f4 17. exf4 gxf4 18. gxf4 Bh6 19. f3 Nxf4 20. Nxf4 Bxf4 21. Qe2 Qh4 22. Bh1 Kh8 23. Rf2 Rg8+ 24. Kf1 Bh3+ 25. Bg2 Bxg2+ 26. Rxg2 Rxg2 27. Qxg2 Rg8 28. Qf2 Qh3+ 29. Ke1 Bxh2 30. Ne3 Bg3 31. Qxg3 Qxg3+ 32. Kd2 Qf2+ 33. Kc3 Qxe3+ 34. Kb4 Qd2+ 35. Bc3 Qxc1 36. a4 a5+ 37. Kxa5 Qxc3+ 38. b4 Ra8# 0-1

[Event "Kupreichik Memorial Rapid 2019"]
[Site "Minsk"]
[Date "2019.08.16"]
[Round "7.1"]
[White "Safarli, Eltaj"]
[Black "Mustaps, Matiss"]
[Result "1-0"]
[ECO "B07"]
[WhiteElo "2593"]
[BlackElo "2381"]
[Annotator "ChessBase"]
[PlyCount "65"]
[EventDate "2019.08.15"]
[EventType "swiss"]
[EventCountry "BLR"]
[SourceTitle "playchess.com"]
[Source "ChessBase"]
[SourceQuality "1"]
[TimeControl "900+10"]

1. e4 d6 2. d4 Nf6 3. Nc3 g6 4. Bg5 Bg7 5. Qd2 h6 6. Bh4 g5 7. Bg3 Nh5 8. Nge2 Nd7 9. h4 g4 10. O-O-O c5 11. Bh2 O-O 12. dxc5 dxc5 13. Nf4 Nxf4 14. Bxf4 Qb6 15. Bc4 Ne5 16. Bb3 c4 17. Bxe5 Bxe5 18. Bxc4 Qc7 19. Nd5 Qxc4 20. Qxh6 f5 21. Nxe7+ Kf7 22. Qh7+ Ke8 23. Nd5 Qc5 24. Qg6+ Kd8 25. Qg5+ Ke8 26. Rhe1 Be6 27. exf5 Rxf5 28. Qg6+ Kd7 29. Nf4+ Kc6 30. Qxe6+ Kc7 31. Nd5+ Kb8 32. Qe8+ Qc8 33. Qxc8+ 1-0

[Event "Kupreichik Memorial Rapid 2019"]
[Site "Minsk"]
[Date "2019.08.16"]
[Round "7.2"]
[White "Zhigalko, Sergei"]
[Black "Meshkov, Yuri A."]
[Result "1-0"]
[ECO "B06"]
[WhiteElo "2574"]
[BlackElo "2336"]
[Annotator "ChessBase"]
[PlyCount "179"]
[EventDate "2019.08.15"]
[EventType "swiss"]
[EventCountry "BLR"]
[SourceTitle "playchess.com"]
[Source "ChessBase"]
[SourceQuality "1"]
[TimeControl "900+10"]

1. e4 g6 2. d4 Bg7 3. Nc3 a6 4. Nf3 d6 5. Be3 b5 6. a4 b4 7. Ne2 Bb7 8. Ng3 Nd7 9. c3 Ngf6 10. Bd3 bxc3 11. bxc3 c5 12. a5 Qc7 13. O-O O-O 14. Re1 Rfb8 15. h3 Ne8 16. Qd2 e6 17. Bh6 Bf6 18. Qe2 Bc6 19. Ra3 cxd4 20. cxd4 Bb5 21. Rc1 Qd8 22. e5 Be7 23. d5 dxe5 24. dxe6 fxe6 25. Rac3 Nef6 26. Nxe5 Nxe5 27. Qxe5 Qd6 28. Qe2 Nd5 29. Rb3 Bxd3 30. Rxd3 Rb5 31. Re1 Rxa5 32. Qg4 Nf6 33. Rxd6 Nxg4 34. Rdxe6 Nxh6 35. Rxe7 Nf5 36. Rc7 Rf8 37. Ne4 Rf7 38. Rc6 Kg7 39. Rd1 Re7 40. Nc5 Ra2 41. Nxa6 Ree2 42. Nb4 Rab2 43. Nd3 Ra2 44. Rc7+ Kh6 45. Rc4 Kg5 46. Rg4+ Kf6 47. Rb4 h5 48. Rb6+ Kg5 49. Kf1 h4 50. Rxg6+ Kxg6 51. Nf4+ Kg5 52. Nxe2 Ra4 53. Ng1 Kf6 54. Nf3 Ra2 55. Kg1 Rb2 56. Rd2 Rb1+ 57. Kh2 Rf1 58. Re2 Ra1 59. Re4 Rf1 60. Nxh4 Nxh4 61. Rxh4 Rxf2 62. Ra4 Kg6 63. h4 Rb2 64. Kh3 Rb6 65. Kg4 Kh6 66. g3 Rc6 67. Ra5 Rc4+ 68. Kh3 Rc3 69. Ra6+ Kh5 70. Ra5+ Kh6 71. h5 Rc1 72. Kh4 Rh1+ 73. Kg4 Rb1 74. Ra6+ Kh7 75. Kg5 Rb5+ 76. Kh4 Rc5 77. g4 Rc1 78. Ra7+ Kg8 79. h6 Rc4 80. Kh5 Rc6 81. g5 Rc5 82. Re7 Kh8 83. Kg6 Rc8 84. Kf6 Rf8+ 85. Rf7 Ra8 86. g6 Rb8 87. Kg5 Ra8 88. Rf5 Rg8 89. Kh5 Ra8 90. h7 1-0

[Event "Kupreichik Memorial Rapid 2019"]
[Site "Minsk"]
[Date "2019.08.16"]
[Round "7.3"]
[White "Tiviakov, Sergei"]
[Black "Zhukova, Natalia"]
[Result "1/2-1/2"]
[ECO "C09"]
[WhiteElo "2611"]
[BlackElo "2333"]
[Annotator "ChessBase"]
[PlyCount "64"]
[EventDate "2019.08.15"]
[EventType "swiss"]
[EventCountry "BLR"]
[SourceTitle "playchess.com"]
[Source "ChessBase"]
[SourceQuality "1"]
[TimeControl "900+10"]

1. e4 e6 2. d4 d5 3. Nd2 c5 4. exd5 exd5 5. Ngf3 Nc6 6. Bb5 Qe7+ 7. Be2 Qc7 8. O-O Nf6 9. dxc5 Bxc5 10. Nb3 Be7 11. h3 O-O 12. Be3 Bf5 13. c3 Rfe8 14. Nbd4 Bg6 15. Re1 h6 16. Bf1 Bf8 17. Bd3 Ne4 18. Qc2 Rac8 19. Rad1 Bh5 20. Rc1 Qd7 21. Qb1 Bd6 22. c4 Bb4 23. Rf1 Nxd4 24. Nxd4 Bg6 25. cxd5 Qxd5 26. Rxc8 Rxc8 27. Rd1 Qh5 28. Ne2 Qe5 29. a3 Ba5 30. Nf4 Bf5 31. Ne2 Bb6 32. Bxb6 axb6 1/2-1/2

[Event "Kupreichik Memorial Rapid 2019"]
[Site "Minsk"]
[Date "2019.08.16"]
[Round "7.4"]
[White "Aleksandrov, Aleksej"]
[Black "Pein, Malcolm"]
[Result "1-0"]
[ECO "D83"]
[WhiteElo "2571"]
[BlackElo "2312"]
[Annotator "ChessBase"]
[PlyCount "73"]
[EventDate "2019.08.15"]
[EventType "swiss"]
[EventCountry "BLR"]
[SourceTitle "playchess.com"]
[Source "ChessBase"]
[SourceQuality "1"]
[TimeControl "900+10"]

1. d4 Nf6 2. c4 g6 3. Nc3 d5 4. Bf4 Bg7 5. e3 O-O 6. Rc1 c6 7. Nf3 Be6 8. Qb3 Qb6 9. c5 Qxb3 10. axb3 h6 11. h3 Nbd7 12. Bd3 Bf5 13. Bxf5 gxf5 14. Ke2 b6 15. b4 a5 16. b5 bxc5 17. bxc6 cxd4 18. exd4 Nb6 19. Rc2 Rfc8 20. Nb5 a4 21. Na3 Bf8 22. Ne5 Ne4 23. g4 Nd6 24. Rg1 Kh7 25. Kd3 f6 26. Nd7 Nbc4 27. Bxd6 Nxd6 28. Nb6 fxg4 29. hxg4 e5 30. c7 e4+ 31. Ke2 f5 32. Nxd5 Ra6 33. f3 exf3+ 34. Kxf3 fxg4+ 35. Rxg4 Nf5 36. Rf4 Ne7 37. Nxe7 1-0

[Event "Kupreichik Memorial Rapid 2019"]
[Site "Minsk"]
[Date "2019.08.16"]
[Round "7.5"]
[White "Sychev, Klementy"]
[Black "Zarubitski, Viachaslau"]
[Result "1-0"]
[ECO "A06"]
[WhiteElo "2579"]
[BlackElo "2426"]
[Annotator "ChessBase"]
[PlyCount "67"]
[EventDate "2019.08.15"]
[EventType "swiss"]
[EventCountry "BLR"]
[SourceTitle "playchess.com"]
[Source "ChessBase"]
[SourceQuality "1"]
[TimeControl "900+10"]

1. Nf3 d5 2. c4 c6 3. g3 Nf6 4. Bg2 dxc4 5. O-O Nbd7 6. Qc2 Nb6 7. Na3 Qd5 8. b3 Bf5 9. bxc4 Bxc2 10. cxd5 Be4 11. dxc6 Bxc6 12. Rb1 e6 13. Nb5 Bxb5 14. Rxb5 Rc8 15. a4 Nxa4 16. Rxb7 Bc5 17. d4 Bb6 18. Ba3 Nd7 19. Ng5 Nc3 20. Bf3 Nb5 21. Nxf7 Kxf7 22. Rxd7+ Ke8 23. Re7+ Kd8 24. Bb4 Rc4 25. Rb7 Nxd4 26. Bd6 Bc7 27. Ba3 Nxf3+ 28. exf3 Ra4 29. Rc1 Rxa3 30. Rcxc7 Rxf3 31. Rxg7 Kc8 32. Rxa7 Kb8 33. Rgb7+ Kc8 34. Rxh7 1-0

[Event "Kupreichik Memorial Rapid 2019"]
[Site "Minsk"]
[Date "2019.08.16"]
[Round "7.6"]
[White "Sveshnikov, Evgeny"]
[Black "Paravyan, David"]
[Result "1/2-1/2"]
[ECO "C50"]
[WhiteElo "2483"]
[BlackElo "2605"]
[Annotator "ChessBase"]
[PlyCount "239"]
[EventDate "2019.08.15"]
[EventType "swiss"]
[EventCountry "BLR"]
[SourceTitle "playchess.com"]
[Source "ChessBase"]
[SourceQuality "1"]
[TimeControl "900+10"]

1. e4 e5 2. Nc3 Nc6 3. Bc4 Nf6 4. d3 Bc5 5. Nf3 O-O 6. O-O h6 7. h3 a6 8. Re1 d6 9. Be3 Bxe3 10. Rxe3 Na5 11. a4 Nxc4 12. dxc4 Be6 13. c5 dxc5 14. Nxe5 Qd4 15. Nf3 Qb4 16. a5 Rfd8 17. Qc1 c4 18. Ne2 b5 19. Ned4 Qc5 20. c3 Re8 21. Qe1 Rad8 22. Nxe6 Rxe6 23. Nd4 Rxd4 24. cxd4 Qxd4 25. e5 Nd5 26. Rd1 Qc5 27. Rg3 c6 28. Qe4 g6 29. Rd2 b4 30. Kh2 c3 31. bxc3 bxc3 32. Rc2 Kh7 33. Qf3 Qe7 34. Rxc3 Nxc3 35. Qxc3 Rxe5 36. Qxc6 Rxa5 37. Rd3 Rf5 38. Qxa6 Qc7+ 39. Qd6 Qxd6+ 40. Rxd6 Rxf2 41. Kg3 Rf1 42. h4 Kg7 43. Ra6 Rf6 44. Ra7 Rb6 45. Kh3 Kf6 46. g3 Rb2 47. Ra6+ Kg7 48. Ra7 Rf2 49. Rb7 Re2 50. Kg4 Re3 51. Kf4 Ra3 52. Rc7 Ra5 53. Kf3 Ra4 54. Rb7 Rd4 55. Ra7 Kf6 56. Ra6+ Ke5 57. h5 Rd3+ 58. Kg2 Rd6 59. Ra7 Kf6 60. hxg6 fxg6 61. Ra5 Re6 62. Kh3 Re5 63. Ra4 h5 64. Rf4+ Kg5 65. Rf3 Ra5 66. Rf4 Ra3 67. Rb4 Rf3 68. Kg2 Rf5 69. Kh3 Rf6 70. Ra4 Rf3 71. Kg2 Re3 72. Ra5+ Kg4 73. Ra4+ Kf5 74. Rf4+ Ke6 75. Ra4 g5 76. Kf2 Re5 77. Rb4 Kf5 78. Kf3 Rd5 79. Rb2 Rd3+ 80. Kg2 Re3 81. Ra2 Re4 82. Rb2 Rd4 83. Re2 Rd5 84. Kf3 Re5 85. Ra2 Rb5 86. Kg2 Rd5 87. Kf3 g4+ 88. Kf2 Ke4 89. Re2+ Kd3 90. Ra2 Rf5+ 91. Kg2 Rc5 92. Ra3+ Kd2 93. Kf2 Rf5+ 94. Kg2 Rd5 95. Kf2 Rf5+ 96. Kg2 Re5 97. Ra2+ Kd3 98. Ra3+ Ke4 99. Ra4+ Kf5 100. Rf4+ Kg5 101. Rf8 Re2+ 102. Kf1 Rc2 103. Kg1 Rc6 104. Kg2 Rd6 105. Rg8+ Kf5 106. Rf8+ Ke4 107. Rf4+ Ke3 108. Rf5 Rd2+ 109. Kg1 Re2 110. Rxh5 Kf3 111. Ra5 Rg2+ 112. Kf1 Rf2+ 113. Kg1 Kxg3 114. Ra3+ Rf3 115. Ra2 Rb3 116. Rg2+ Kh4 117. Rh2+ Kg3 118. Rg2+ Kh3 119. Rh2+ Kg3 120. Rg2+ 1/2-1/2

[Event "Kupreichik Memorial Rapid 2019"]
[Site "Minsk"]
[Date "2019.08.16"]
[Round "7.7"]
[White "Vaganian, Rafael A"]
[Black "Agapov, Sergey"]
[Result "1-0"]
[ECO "A45"]
[WhiteElo "2514"]
[BlackElo "2265"]
[Annotator "ChessBase"]
[PlyCount "109"]
[EventDate "2019.08.15"]
[EventType "swiss"]
[EventCountry "BLR"]
[SourceTitle "playchess.com"]
[Source "ChessBase"]
[SourceQuality "1"]
[TimeControl "900+10"]

1. d4 Nf6 2. Bg5 e6 3. e4 h6 4. Bxf6 Qxf6 5. Nc3 c5 6. d5 a6 7. a4 e5 8. Nf3 d6 9. Nd2 Qd8 10. Be2 Be7 11. Bg4 O-O 12. Bxc8 Qxc8 13. Nc4 Nd7 14. a5 Qc7 15. Na4 f5 16. exf5 Rxf5 17. Qg4 Raf8 18. O-O Rf4 19. Qe6+ R8f7 20. Nab6 Nf8 21. Qh3 Rh4 22. Qd3 Rhf4 23. Rae1 Nh7 24. g3 R4f6 25. Kg2 Ng5 26. Nd2 Rf5 27. Re3 Nh7 28. Rf3 Rxf3 29. Nxf3 Bd8 30. Nd2 Qe7 31. Nbc4 Bc7 32. Ne4 Qd8 33. Ra1 Nf6 34. Ra3 Qf8 35. f3 Qd8 36. Nxf6+ Qxf6 37. Qe4 h5 38. Rb3 Bd8 39. Re3 Qh6 40. Re2 h4 41. Qg4 Qc1 42. Nxd6 Rf8 43. gxh4 Qxb2 44. Qe6+ Kh7 45. Qxe5 Qb1 46. Nf5 Bf6 47. Qe4 Kh8 48. c4 Qc1 49. d6 Qc3 50. Qd5 Bd4 51. d7 Qd3 52. Re8 Kh7 53. Rxf8 Qe2+ 54. Kh3 Qf1+ 55. Kg4 1-0

[Event "Kupreichik Memorial Rapid 2019"]
[Site "Minsk"]
[Date "2019.08.16"]
[Round "7.8"]
[White "Maryasin, Boris"]
[Black "Teterev, Vitaly"]
[Result "0-1"]
[ECO "B40"]
[WhiteElo "2302"]
[BlackElo "2474"]
[Annotator "ChessBase"]
[PlyCount "56"]
[EventDate "2019.08.15"]
[EventType "swiss"]
[EventCountry "BLR"]
[SourceTitle "playchess.com"]
[Source "ChessBase"]
[SourceQuality "1"]
[TimeControl "900+10"]

1. e4 c5 2. Nf3 e6 3. b3 b6 4. d4 cxd4 5. Nxd4 Bb7 6. Bd3 Bc5 7. Bb2 Qf6 8. c3 Nc6 9. Nf3 Ne5 10. b4 Bxb4 11. Nxe5 Qxe5 12. f4 Qf6 13. O-O Bc5+ 14. Kh1 Qh4 15. Nd2 Nf6 16. g3 Qh3 17. Qe2 h5 18. Qg2 Qxg2+ 19. Kxg2 Ng4 20. Rfe1 h4 21. Nf1 f5 22. Re2 Kf7 23. c4 hxg3 24. Kxg3 Nf6 25. Bxf6 gxf6 26. h3 Rag8+ 27. Kh2 Bg1+ 28. Kh1 fxe4 0-1

[Event "Kupreichik Memorial Rapid 2019"]
[Site "Minsk"]
[Date "2019.08.16"]
[Round "7.9"]
[White "Dydyshko, Viacheslav"]
[Black "Kochetkov, German"]
[Result "1/2-1/2"]
[ECO "A81"]
[WhiteElo "2506"]
[BlackElo "2277"]
[Annotator "ChessBase"]
[PlyCount "108"]
[EventDate "2019.08.15"]
[EventType "swiss"]
[EventCountry "BLR"]
[SourceTitle "playchess.com"]
[Source "ChessBase"]
[SourceQuality "1"]
[TimeControl "900+10"]

1. d4 f5 2. g3 Nf6 3. Bg2 g6 4. c4 Bg7 5. Nc3 O-O 6. Nh3 d6 7. d5 c5 8. Nf4 Na6 9. O-O Nc7 10. h4 a6 11. a4 Rb8 12. a5 b5 13. axb6 Rxb6 14. Qc2 Bd7 15. Bd2 Ne4 16. Nxe4 Rxb2 17. Qc1 fxe4 18. Bc3 Rb4 19. Bxg7 Kxg7 20. Qc3+ Rf6 21. Bxe4 e5 22. dxe6 Bxe6 23. Nxe6+ Nxe6 24. Rxa6 Nd4 25. Ra7+ Kh8 26. Kg2 Re6 27. f3 Qf6 28. Rf2 Nf5 29. Qxf6+ Rxf6 30. Bxf5 gxf5 31. e3 Rxc4 32. Rb2 Rg6 33. Rb8+ Rg8 34. Rbb7 Rxh4 35. Rf7 Rh6 36. Rxf5 Rc8 37. Rff7 d5 38. Rac7 Rxc7 39. Rxc7 c4 40. f4 Rd6 41. Kf3 Kg8 42. g4 h6 43. f5 Kf8 44. Kf4 Ke8 45. Ke5 Rd7 46. Rc8+ Kf7 47. Kd4 Kf6 48. Rg8 Rg7 49. Rxg7 Kxg7 50. e4 dxe4 51. Kxc4 Kf6 52. Kd4 h5 53. Kxe4 hxg4 54. Kf4 g3 1/2-1/2